 Dungeon Crawl Stone Soup version 0.30-b1-5-g8e6c1be481 (webtiles) character file.

Game seed: 12915050955502404592

62 tizbic2 the Trooper (level 4, -1/48 HPs)
             Began as an Ogre Gladiator on May 4, 2023.
             Killed from afar by Sigmund (9 damage)
             ... with a puff of flame
             ... on level 2 of the Dungeon.
             The game lasted 00:05:32 (1144 turns).

tizbic2 the Trooper (Ogre Gladiator)                Turns: 1144, Time: 00:05:32

Health: -1/48      AC:  3    Str: 20    XL:     4   Next: 8%
Magic:  4/4        EV: 10    Int:  9    God:
Gold:   63         SH:  0    Dex: 10    Spells: 3/3 levels left

rFire   . . .        f - +2 whip (venom)
rCold   + . .        (no shield)
rNeg    . . .        a - +0 robe
rPois   .            b - +0 hat
rElec   .            (no cloak)
rCorr   .            (gloves unavailable)
SInv    .            (boots unavailable)
Will    .....        (no amulet)
Stlth   +            (no ring)
HPRegen 1.08/turn    (no ring)
MPRegen 0.09/turn

%: no passive effects
@: no status effects
A: large, unfitting armour, tough skin 1, cold resistance 1, regeneration 1
a: no special abilities


You were on level 2 of the Dungeon.
You visited 1 branch of the dungeon, and saw 2 of its levels.

You collected 63 gold pieces.

Inventory:

Hand Weapons
 f - a +2 whip of venom (weapon)
 w - a +0 sling
Missiles
 c - 2 throwing nets
 d - a large rock
 e - 5 boomerangs (quivered)
Armour
 a - a +0 robe (worn)
 b - a +0 hat (worn)
Jewellery
 j - a ring of ice
Scrolls
 h - a scroll of immolation {unknown}
 i - a scroll of enchant weapon {unknown}
 k - a scroll of enchant armour {unknown}
 l - 2 scrolls of identify {unknown}
 m - a scroll of poison {unknown}
Potions
 g - a potion of heal wounds {unknown}
 n - a potion of mutation


   Skills:
 * Level 3.9 Fighting
 - Level 2.0 Throwing
 - Level 2.6 Dodging
 * Level 3.5 Unarmed Combat
 + Level 0.4 Spellcasting
 + Level 1.1 Summonings


You had 3 spell levels left.
You didn't know any spells.
Your spell library contained the following spells:

 Spells                   Type           Power      Damage    Failure   Level
 Call Canine Familiar     Summ           2%         N/A       58%         3
 Portal Projectile        Hex/Tloc       0%         N/A       75%         3
 Leda's Liquefaction      Hex/Erth       0%         N/A       98%         4


Dungeon Overview and Level Annotations

Branches:
Dungeon (2/15)

Altars:

Annotations:
D:2 Sigmund


Innate Abilities, Weirdness & Mutations

You are too large for most types of armour.
You have tough skin. (AC +1)
Your flesh is cold resistant. (rC+)
Your natural rate of healing is unusually fast.


Message History

You hit the goblin.
The goblin is poisoned.
The goblin is heavily wounded.
Robin hits you with a +0 short sword. The goblin hits you with a +0 dagger.
You miss the goblin.
The goblin is almost dead.
Robin barely misses you. The goblin barely misses you.
You hit Robin.
Robin looks as sick as possible!
Robin is heavily wounded.
You kill the goblin!
Robin roars a battlecry!
You closely miss Robin.
Robin is heavily wounded.
Robin hits you with a +0 short sword.
* * * LOW HITPOINT WARNING * * *
You hit Robin.
You kill Robin!
Sigmund the Dreaded comes into view.
He is wielding a +0 scythe and carrying a wand of flame (18).
You have reached level 4!
You close the door, pushing everything out of the way.
Things that are here:
a +0 club; a +0 dagger; a hobgoblin corpse Sigmund breaks down the door.
A goblin opens the door.
It was a potion of mutation.
You feel extremely strange.
You feel resistant to cold.
You begin to heal more quickly.
Sigmund zaps a wand.
The puff of flame misses you.
Okay, then.
Sigmund points at you and mumbles some strange words.
The magic dart hits you!
* * * LOW HITPOINT WARNING * * *
A goblin comes into view. It is wielding a +0 dagger.
Things that are here:
a +0 dagger; a goblin corpse
There is an open door here.
A goblin comes into view. It is wielding a +0 club.
Sigmund zaps a wand.
The puff of flame hits you!
* * * LOW HITPOINT WARNING * * *
The goblin shouts!
The goblin no longer looks unusually strong.
Sigmund zaps a wand.
The puff of flame hits you!
You die...

########....)..........#
# #...............# #
#######.......... #
###.####### # #.# # #.#
###### #.# .....######
####'#### ..........#
#...@...# #####.....#
#.......# ....#.....#
#.......#####
...##.....#
#.......@g..# #
....#.....#
#.......###)# ##.g
#.###.....# #.......#
#)# ..gg ......#####
#.......###@#..# ##...##
######....)g†..# ###..#
#.......#.#


You could see Sigmund and a goblin.

Vanquished Creatures
  Robin (D:2)
  An adder (D:2)
  2 worms (D:2)
  2 ball pythons
  2 endoplasms (D:1)
  7 goblins
  3 hobgoblins (D:2)
  3 jackals (D:2)
  4 kobolds
  3 quokkas
  3 bats
  2 frilled lizards (D:2)
33 creatures vanquished.

Notes
Turn   | Place    | Note
-------+----------+-------------------------------------------
     0 | D:1      | tizbic2 the Ogre Gladiator began the quest for the Orb.
     0 | D:1      | Reached XP level 1. HP: 22/22 MP: 1/1
   328 | D:1      | Reached XP level 2. HP: 21/31 MP: 2/2
   924 | D:2      | Reached XP level 3. HP: 37/37 MP: 3/3
  1101 | D:2      | Reached skill level 1 in Summonings
  1114 | D:2      | Noticed Robin
  1133 | D:2      | Killed Robin
  1133 | D:2      | Noticed Sigmund
  1134 | D:2      | Reached XP level 4. HP: 12/48 MP: 4/4
  1135 | D:2      | Gained mutation: Your flesh is cold resistant. (rC+)
                  | [potion of mutation]
  1135 | D:2      | Gained mutation: Your natural rate of healing is unusually
                  | fast. [potion of mutation]
  1144 | D:2      | Killed from afar by Sigmund

Illustrated notes

Levels and vault maps discovered:
D:1:      wander_arrival_fairy_ring, layout_basic, st_stairs_13
D:2:      layout_basic, hellmonk_ecumenical_altar_watching_god,
          chequers_mini_garden, minmay_split_cup_large, uniq_sigmund, uniq_robin

Skill      XL: |  1  2  3 |
---------------+----------+-----
Fighting       | 3 |  3.9
Unarmed Combat | 3 |  3.5
Summonings     | 1 |  1.1
Throwing       | |  2.0
Dodging        | |  2.6
Spellcasting   | |  0.4

Action                     |  1- 3 |  4- 6 || total
---------------------------+-------+-------++-------
  Melee: Unarmed           |    51 |       ||    51
         Punch             |     4 |       ||     4
         Whip              |    83 |       ||    83
         Hand axe          |     6 |       ||     6
   Fire: Sling             |     5 |       ||     5
  Throw: Boomerang         |     6 |       ||     6
         Throwing net      |     1 |       ||     1
    Use: Scroll            |     2 |       ||     2
         Potion            |     1 |     1 ||     2
 Armour: Robe              |    32 |       ||    32
  Dodge: Dodged            |    80 |     1 ||    81
